 Dungeon Crawl Stone Soup version 0.21-a0-518-g43a1781 (webtiles) character file.

33 luca467 the Sneak (level 3, -2/18 HPs)
             Began as a Spriggan Assassin on Dec 4, 2017.
             Slain by Natasha (6 damage)
             ... on level 1 of the Dungeon.
             The game lasted 00:04:45 (1525 turns).

luca467 the Sneak (Spriggan Assassin)               Turns: 1525, Time: 00:04:46

Health: -2/18      AC:  5    Str:  7    XL:     3   Next: 12%
Magic:  4/4        EV: 18    Int: 12    God:
Gold:   61         SH:  0    Dex: 18    Spells: 2/2 levels left

rFire    . . .     SeeInvis +   m - +0 dagger (speed)
rCold    . . .     Gourm    .   (shield restricted)
rNeg     . . .     Faith    .   c - +0 robe
rPois    .         Spirit   .   l - +2 hat
rElec    .         Reflect  .   d - +0 cloak
rCorr    .         Harm     +   (gloves unavailable)
MR       .....                  (boots unavailable)
Stlth    +++.......             t - amulet of harm
HPRegen  0.06/turn              (no ring)
MPRegen  0.09/turn              (no ring)

@: very quick
A: very small, unfitting armour, see invisible, herbivore 3, speed 3, slow
metabolism 2
a: no special abilities


You were on level 1 of the Dungeon.
You were not hungry.

You visited 1 branch of the dungeon, and saw 2 of its levels.

You collected 61 gold pieces.

Inventory:

Hand Weapons
 a - a +2 dagger
 b - a +0 blowgun
 m - a +0 dagger of speed (weapon)
Missiles
 e - 8 poisoned needles
 f - 2 curare-tipped needles
 s - 12 stones (quivered)
Armour
 c - a +0 robe (worn)
 d - a +0 cloak (worn)
 l - a +2 hat (worn)
Jewellery
 t - an amulet of harm (around neck)
Scrolls
 h - 2 scrolls of amnesia {unknown}
 i - 3 scrolls of blinking {unknown}
 j - a scroll of identify {unknown}
 q - a scroll of random uselessness {unknown}
 r - a scroll of teleportation {unknown}
Potions
 k - a potion of mutation {unknown}
 o - a potion of brilliance {unknown}
 p - a potion of curing {unknown}
Comestibles
 g - a bread ration
 n - a royal jelly


   Skills:
 + Level 1.9 Fighting
 * Level 3.0 Short Blades
 - Level 2.0 Throwing
 + Level 2.4 Dodging
 + Level 6.2 Stealth


You had 2 spell levels left.
You didn't know any spells.

Dungeon Overview and Level Annotations

Branches:
Dungeon (2/15)

Altars:

Annotations:
D:1 Natasha


Innate Abilities, Weirdness & Mutations

You are very small and have problems with some larger weapons.
You are too small for most types of armour.
You have supernaturally acute eyesight. (SInv)
You are a herbivore.
You cover ground extremely quickly.
You need consume almost no food.


Message History

You hit Natasha.
Natasha is moderately wounded.
You closely miss Natasha.
Natasha is moderately wounded.
Natasha closely misses you.
You hit Natasha.
Natasha is heavily wounded.
You hit Natasha.
Natasha is severely wounded.
Natasha claws you.
* * * LOW HITPOINT WARNING * * *
You hit Natasha but do no damage.
Natasha is severely wounded.
Natasha barely misses you.
You closely miss Natasha.
Natasha is severely wounded.
You hit Natasha.
Natasha is severely wounded.
Natasha claws you.
You die...

########## #........#
#########.######.#
........#.#### #.# #######
.######.#....# #.# #.....#
.# #.#....# #†# #.....# .#
#.#....###@# #.....# .#
#.#......h## #######.....#
.#
#.#.......####.....#.....#
.#
#.#....#.....'.....#.....#
.#
#.#.......####.....#.....#
.# #.#.#+##..#
#.....#.....## .#
#.#.#.##..# #.....#.......
.# #[#)#.##..#
#............. .#
#.#.#.##..###########......


You could see Natasha.

Vanquished Creatures
  4 leopard geckos
  4 bats
  A giant cockroach (D:1)
  5 goblins
  2 hobgoblins
  3 jackals (D:1)
  4 kobolds (D:1)
  A frilled lizard (D:1)
  2 rats
26 creatures vanquished.

Notes
Turn   | Place    | Note
-------+----------+-------------------------------------------
     0 | D:1      | luca467 the Spriggan Assassin began the quest for the Orb.
     0 | D:1      | Reached XP level 1. HP: 10/10 MP: 2/2
   434 | D:1      | Reached skill level 6 in Stealth
   465 | D:1      | Reached XP level 2. HP: 15/15 MP: 3/3
  1320 | D:2      | Reached XP level 3. HP: 18/18 MP: 4/4
  1336 | D:2      | Noticed Natasha
  1525 | D:1      | Slain by Natasha

Vault maps used:
D:1:      lemuel_arrival_room
D:2:      lemuel_doored_altar, gammafunk_temple_overflow_wave, uniq_natasha

Skill      XL: |  1  2 |
---------------+-------+-----
Stealth        | 6 |  6.2
Dodging        | 2 |  2.4
Short Blades   | 3 |  3.0
Fighting       | |  1.9
Throwing       | |  2.0

Action                   || total
-------------------------++-------
Melee: Dagger            ||   142
 Stab: Sleeping          ||     7
       Distracted        ||     1
Armor: Robe              ||    19
Dodge: Dodged            ||    93

Table legend:
 A = Spawn XP
 B = Non-spawn XP
 C = Spawn XP percentage of total XP
 D = Spawn monster count
 E = Non-spawn monster count
 F = Spawn count percentage of total count
 G = Total turns spent on level
                    A         B        C        D         E        F      G
               +---------+---------+-------+---------+---------+-------+---------
         Total |       0 |      48 |   0.0 |       0 |      26 |   0.0 |  1525
               +---------+---------+-------+---------+---------+-------+---------
           D:1 |       0 |      28 |   0.0 |       0 |      16 |   0.0 |  1133
           D:2 |       0 |      20 |   0.0 |       0 |      10 |   0.0 |   392
               +---------+---------+-------+---------+---------+-------+---------
